 Dungeon Crawl Stone Soup version 0.22.0 (webtiles) character file.

392 edsrzf the Sneak (level 6, 0/30 HPs)
             Began as a Spriggan Summoner on Aug 14, 2018.
             Was an Initiate of Okawaru.
             Killed by divine providence
             ... invoked by an orc priest
              (12 damage)
             ... on level 4 of the Dungeon.
             The game lasted 00:13:15 (5675 turns).

edsrzf the Sneak (Spriggan Summoner)                Turns: 5675, Time: 00:13:16

Health: 0/30       AC:  4    Str:  5    XL:     6   Next: 50%
Magic:  11/11      EV: 18    Int: 18    God:    Okawaru [......]
Gold:   157        SH:  0    Dex: 16    Spells: 9/10 levels left

rFire    . . .     SeeInvis +   a - +1 dagger (venom)
rCold    . . .     Gourm    .   (shield restricted)
rNeg     . . .     Faith    .   j - +0 robe
rPois    .         Spirit   .   (helmet restricted)
rElec    .         Reflect  .   (no cloak)
rCorr    .         Harm     .   (gloves unavailable)
MR       +....                  (boots unavailable)
Stlth    ++++......             (no amulet)
HPRegen  0.10/turn              d - +2 ring of protection
MPRegen  0.12/turn              o - ring of wizardry

@: very quick
A: very small, unfitting armour, see invisible, herbivore, speed 3, slow
metabolism 2
a: Renounce Religion


You were on level 4 of the Dungeon.
You worshipped Okawaru.
Okawaru was noncommittal.
You were not hungry.

You visited 1 branch of the dungeon, and saw 4 of its levels.

You collected 157 gold pieces.

Inventory:

Hand Weapons
 a - a +1 dagger of venom (weapon)
 b - a +2 falchion of slicing
 w - a +0 dagger
Missiles
 n - 10 poisoned needles
 r - 24 stones (quivered)
 u - 8 curare-tipped needles {=f}
Armour
 j - a +0 robe (worn)
Jewellery
 d - a +2 ring of protection (left hand)
 f - an uncursed ring of ice
 o - a ring of wizardry (right hand)
Wands
 s - a wand of polymorph (7)
 v - a wand of iceblast (9)
Scrolls
 e - 2 scrolls of teleportation {unknown}
 i - 2 scrolls of identify {unknown}
 l - a scroll of fog {unknown}
 m - 2 scrolls of blinking {unknown}
 p - 2 scrolls of magic mapping {unknown}
 t - a scroll of remove curse {unknown}
Potions
 g - a potion of degeneration {unknown}
 h - 2 potions of heal wounds {unknown}
 k - 2 potions of might
 q - a potion of curing {unknown}
 x - a potion of brilliance {unknown}
Comestibles
 c - 3 rations


   Skills:
 - Level 1.1 Fighting
 * Level 5.4 Short Blades
 - Level 3.0 Dodging
 + Level 6.9 Stealth
 - Level 2.6 Spellcasting
 - Level 3.2 Summonings


You had 9 spell levels left.
You knew the following spells:

 Your Spells              Type           Power        Failure   Level  Hunger
a - Summon Small Mammal   Summ           ##..         1%          1    #......

Your spell library contained the following spells:

 Spells                   Type           Power        Failure   Level  Hunger
 Summon Ice Beast         Ice/Summ       #.......     32%         4    #####..
 Call Imp                 Summ           ##......     2%          2    ##.....
 Call Canine Familiar     Summ           ##......     5%          3    ###....
 Summon Lightning Spire   Summ/Air       #.......     32%         4    #####..
 Summon Guardian Golem    Hex/Summ       #.......     11%         3    ###....


Dungeon Overview and Level Annotations

Branches:
Dungeon (4/15)             Temple (0/1) D:4

Altars:
Dithmenos
Makhleb
Okawaru
Sif Muna

Shops:
D:4 %

Annotations:
D:3 1 runed door, Natasha
D:4 Dowan, Duvessa


Innate Abilities, Weirdness & Mutations

You are very small and have problems with some larger weapons.
You are too small for most types of armour.
You have supernaturally acute eyesight. (SInv)
You are a herbivore.
You cover ground extremely quickly.
You need to consume almost no food.


Message History

Ijyb is moderately wounded.
Your quokka bites Ijyb.
Your rat barely misses Ijyb.
You hit Ijyb but do no damage.
Ijyb is heavily wounded.
Your quokka bites Ijyb but does no damage.
Ijyb closely misses you.
Your rat bites Ijyb but does no damage.
You hit Ijyb.
Ijyb is severely wounded.
Your quokka bites Ijyb.
Your rat bites Ijyb.
Ijyb barely misses you.
Your quokka barely misses Ijyb.
You hit Ijyb.
You kill Ijyb!
Okawaru accepts your kill.
Ijyb returns to her original shape as she dies.
You see here the goblin corpse of Ijyb.
v - a wand of iceblast (9)
Things that are here:
a dagger of venom; a scale mail
w - a dagger of venom Wield which item (- for none, * to show all)? (? for menu, Esc to quit)
Your +1 dagger of venom begins to drip with poison!
w - a +1 dagger of venom (weapon)
Adjust (i)tems, (s)pells, or (a)bilities?
Adjust which item? (? for menu, Esc to quit)
w - a +1 dagger of venom (weapon)
Adjust to which letter? (? for menu, Esc to quit)
a - a +1 dagger of venom (weapon);
w - a +0 dagger
x - a smoky coppery potion You start resting.
Magic restored.
You swap places.
c - 3 rations (gained 1)
You swap places.
Found an escape hatch in the ceiling.
Your quokka disappears in a puff of smoke!
There is an escape hatch in the ceiling here.
The giant cockroach is too close now for your liking.
A giant cockroach is nearby!
You catch the helpless giant cockroach completely off-guard!
You impale the giant cockroach!!
You kill the giant cockroach!
Okawaru accepts your kill.
No target in view!
No target in view!
The orc is too close now for your liking.
You catch the helpless orc completely off-guard!
You impale the orc!!
You kill the orc!
No target in view!
No target in view!
Things that are here:
a war axe; a scale mail; an orc corpse The orc priest is too close now for your liking.
The orc priest shouts!
A jelly comes into view.
Duvessa shouts!
You hear a shout!
The jelly quivers.
The orc priest barely misses you.
Dowan, Brother of Duvessa comes into view.
He is wielding a dagger.
You barely miss the orc priest.
The orc priest mumbles some strange prayers to Beogh against you.
Beogh smites you!
You hit the orc priest.
The orc priest is lightly wounded.
The orc priest misses you.
You completely miss the orc priest.
The orc priest is lightly wounded.
The jelly closely misses you.
Dowan casts a spell at Duvessa.
Duvessa seems to speed up.
You barely miss the orc priest.
The orc priest is lightly wounded.
Duvessa says, "My weaknesses are his strengths!"
The orc priest misses you.
You barely miss the orc priest.
The orc priest is lightly wounded.
You completely miss the orc priest.
The orc priest is lightly wounded.
The orc priest closely misses you.
Dowan casts a spell.
Dowan blinks!
Press: ? - help, v - describe, . - travel
Here: an orc priest, wearing a leather armour (lightly wounded)
The floor.
Unknown command.
You barely miss the orc priest.
The orc priest is lightly wounded.
The jelly closely misses you.
The orc priest hits you but does no damage.
You hit the orc priest but do no damage.
The orc priest is poisoned.
The orc priest is lightly wounded.
The jelly misses you.
You barely miss the orc priest.
The orc priest is lightly wounded.
The orc priest mumbles some strange prayers to Beogh against you.
Pain shoots through your body! The jelly hits you but does no damage.
The orc priest calls down the wrath of Beogh upon you.
Beogh smites you!
You die...

#.#.[....o.........####
#.#.########..≈§≈......
#....### #.≈§§≈≈.####
#####.#...### #≈§≈§§§§#
#.....###...# #≈§≈>§§§#
##<##### ###)#
#§§§≈§≈≈### ...#
####.###.≈§§§≈.... ####
#.........J≈≈.e...
#.......@.oe......
#.......###.......
#.......# .......
######### .......
....... #######


You could see Duvessa, Dowan, a jelly and an orc priest.

Vanquished Creatures
  Sigmund (D:3)
  A scorpion (D:4)
  A hound (D:4)
  Natasha (D:3)
  Robin (D:3)
  2 adders (D:3)
  2 worms
  A leopard gecko (D:3)
  8 orcs
  7 giant cockroaches
  15 goblins
  7 hobgoblins
  8 jackals (D:4)
  A quokka (D:3)
  5 bats
  2 frilled lizards
  5 kobolds
  A quokka skeleton (D:3)
  8 rats
77 creatures vanquished.

Vanquished Creatures (collateral kills)
  Natasha (D:3)
  An adder (D:2)
  An ooze (D:1)
  A worm (D:2)
  2 dart slugs
  2 leopard geckos
  2 hobgoblins
  2 kobolds (D:1)
12 creatures vanquished.

Vanquished Creatures (others)
  A plant (D:3)
1 creature vanquished.

Grand Total: 90 creatures vanquished

Notes
Turn   | Place    | Note
-------+----------+-------------------------------------------
     0 | D:1      | edsrzf the Spriggan Summoner began the quest for the Orb.
     0 | D:1      | Reached XP level 1. HP: 9/9 MP: 5/5
   323 | D:2      | Found a deep blue altar of Sif Muna.
  1241 | D:1      | Reached XP level 2. HP: 14/14 MP: 6/6
  1443 | D:1      | Reached skill level 1 in Fighting
  1527 | D:1      | Reached skill level 4 in Stealth
  2106 | D:2      | Reached skill level 1 in Short Blades
  2278 | D:2      | Found a burning altar of Makhleb.
  2313 | D:2      | Reached XP level 3. HP: 11/18 MP: 4/8
  2525 | D:2      | Found a faded altar of an unknown god.
  3343 | D:3      | Identified 2 potions of berserk rage
  3345 | D:3      | Reached skill level 2 in Short Blades
  3350 | D:3      | Identified a potion of lignification
  3685 | D:3      | Noticed Robin
  3695 | D:3      | Killed Robin
  3695 | D:3      | Reached XP level 4. HP: 20/22 MP: 9/9
  3710 | D:3      | Reached skill level 5 in Stealth
  4009 | D:3      | Found a runed door.
  4205 | D:3      | Found an iron altar of Okawaru.
  4206 | D:3      | Noticed Natasha
  4208 | D:3      | Noticed Sigmund
  4241 | D:3      | Killed Natasha
  4241 | D:3      | Reached skill level 3 in Short Blades
  4438 | D:3      | Killed Sigmund
  4438 | D:3      | Reached skill level 4 in Short Blades
  4438 | D:3      | Reached skill level 6 in Stealth
  4438 | D:3      | Reached XP level 5. HP: 22/25 MP: 10/10
  4446 | D:3      | Became a worshipper of Warmaster Okawaru
  4582 | D:3      | Noticed Natasha
  4594 | D:3      | Killed Natasha
  4594 | D:3      | Reached XP level 6. HP: 9/30 MP: 9/11
  4623 | D:3      | Noticed Natasha
  4926 | D:4      | Found Zifygi's Food Emporium.
  4941 | D:4      | Found a staircase to the Ecumenical Temple.
  4941 | D:4      | Noticed Edmund
  4962 | D:4      | Found a shadowy altar of Dithmenos.
  4965 | D:4      | Noticed Edmund
  4965 | D:4      | Edmund changed into Edmund the scorpion
  5072 | D:4      | Identified 3 potions of might
  5074 | D:4      | Killed Edmund the scorpion
  5074 | D:4      | Reached skill level 5 in Short Blades
  5254 | D:4      | Noticed Duvessa
  5583 | D:4      | Noticed Ijyb
  5599 | D:4      | Noticed Ijyb
  5599 | D:4      | Ijyb changed into Ijyb the worm
  5609 | D:4      | Killed Ijyb the worm
  5664 | D:4      | Noticed Dowan
  5675 | D:4      | Killed from afar by an orc priest

Skill      XL: |  1  2  3  4  5  6 |
---------------+-------------------+-----
Fighting       | 1 |  1.1
Stealth        | 4 6 |  6.9
Short Blades   | 1 2 4 5 |  5.4
Dodging        | |  3.0
Spellcasting   | |  2.6
Summonings     | |  3.2

Action                   |  1- 3 |  4- 6 || total
-------------------------+-------+-------++-------
Melee: Unarmed           |    64 |       ||    64
       Dagger            |   221 |   132 ||   353
       Falchion          |       |    60 ||    60
 Cast: Summon Small Mamm |    27 |    13 ||    40
Evoke: Wand              |       |     3 ||     3
  Use: Potion            |     3 |     1 ||     4
 Stab: Sleeping          |     5 |     2 ||     7
       Distracted        |       |     3 ||     3
  Eat: Ration            |     1 |     1 ||     2
Armor: Robe              |    43 |    27 ||    70
Dodge: Dodged            |   240 |   150 ||   390
       Rpst.: Falchion   |       |    17 ||    17
